 Dungeon Crawl Stone Soup version 0.25-a0-62-g88673ef095 (webtiles) character file.

Game seed: 10668108826362856564, levelgen mode: deterministic

23 iamserjio the Charlatan (level 2, -5/19 HPs)
             Began as an Octopode Artificer on Oct 31, 2019.
             Slain by a gnoll
             ... wielding a +0 whip
              (7 damage)
             ... on level 2 of the Dungeon.
             The game lasted 00:01:07 (853 turns).

iamserjio the Charlatan (Octopode Artificer)         Turns: 853, Time: 00:01:08

Health: -5/19      AC:  1    Str: 11    XL:     2   Next: 95%
Magic:  4/4        EV: 14    Int: 13    God:
Gold:   33         SH:  0    Dex: 12    Spells: 1/1 levels left

rFire    . . .     SeeInvis .   a - +0 short sword
rCold    . . .     Gourm    .   (no shield)
rNeg     . . .     Faith    .   (helmet restricted)
rPois    .         Spirit   .   (no amulet)
rElec    .         Reflect  .   (no ring)
rCorr    .         Harm     .   (no ring)
MR       .....                  (no ring)
Stlth    +++.......             (no ring)
HPRegen  0.06/turn              (no ring)
MPRegen  0.09/turn              (no ring)
                                (no ring)
                                (no ring)

@: no status effects
A: almost no armour, stealthy swim, amphibious, 8 rings, constrict 8, camouflage
1, gelatinous body 1
a: no special abilities


You were on level 2 of the Dungeon.
You were not hungry.

You visited 1 branch of the dungeon, and saw 2 of its levels.

You collected 33 gold pieces.

Inventory:

Hand Weapons
 a - a +0 short sword (weapon)
Wands
 b - a wand of flame (15)
 c - a wand of enslavement (14)
 d - a wand of random effects (12)
Scrolls
 e - 2 scrolls of teleportation {unknown}
 h - 2 scrolls of remove curse {unknown}
 i - a scroll of identify {unknown}
Potions
 j - a potion of might {unknown}
Comestibles
 f - 4 rations


   Skills:
 * Level 1.8 Fighting
 - Level 1.0 Short Blades
 * Level 2.6 Dodging
 - Level 1.3 Stealth
 + Level 3.5 Evocations


You had one spell level left.
You didn't know any spells.
Your spell library was empty.

Dungeon Overview and Level Annotations

Branches:
Dungeon (2/15)

Altars:


Innate Abilities, Weirdness & Mutations

You cannot wear most types of armour.
You are very stealthy in the water. (Stealth+)
You are amphibious.
You can wear up to eight rings at the same time.
You can use your tentacles to constrict eight enemies at once.
Your skin changes colour to match your surroundings (Stealth+).
Your rubbery body absorbs attacks. (AC +1, EV +1)


Message History

Your gnoll hits the gnoll with a +0 whip!
The gnoll dies!
A giant cockroach comes into view.
Your gnoll hits the gnoll with a +0 whip.
The gnoll hits your gnoll.
Your gnoll hits the gnoll with a +0 whip.
The gnoll hits your gnoll.
Your gnoll hits the gnoll with a +0 whip.
The gnoll dies!
Your gnoll is no longer moving quickly.
Really attack your gnoll?
You hit your gnoll.
The gnoll is no longer charmed.
The gnoll shouts!
Your grab misses the gnoll.
You squeeze the gnoll, but do no damage.
The gnoll hits you with a +0 whip!
* * * LOW HITPOINT WARNING * * *
You hit the gnoll. Your grab misses the gnoll.
The gnoll is no longer moving slowly.
The gnoll hits you with a +0 whip!
You die...

# #.###.#
#.....#
##.#### #
#.# .s# ####
#.# ... ..#
#g# .. #.#
#.#
#.##.#####)#
#.....@g...#
####.#######
#.# ..# ####


You could see a gnoll.

Vanquished Creatures
  A dart slug (D:1)
  3 goblins (D:1)
  A hobgoblin (D:1)
  2 bats (D:1)
  A kobold (D:1)
  2 rats (D:1)
10 creatures vanquished.

Vanquished Creatures (collateral kills)
  2 gnolls (D:2)
2 creatures vanquished.

Grand Total: 12 creatures vanquished

Notes
Turn   | Place    | Note
-------+----------+-------------------------------------------
     0 | D:1      | iamserjio the Octopode Artificer began the quest for the
                  | Orb.
     0 | D:1      | Reached XP level 1. HP: 13/13 MP: 3/3
   328 | D:1      | Reached XP level 2. HP: 18/18 MP: 4/4
   853 | D:2      | Slain by a gnoll

Levels and vault maps discovered:
D:1:      dpeg_arrival_oval, layout_basic
D:2:      layout_loops_corners, grunt_temple_overflow_open, first_ration,
          chequers_ecumenical_altar_island, minmay_cupped

Action                   || total
-------------------------++-------
Melee: Short sword       ||    25
       Constrict         ||     4
       Tentacles         ||     2
Evoke: Wand              ||     4
 Stab: Sleeping          ||     4
Armor: Skin              ||     4
Dodge: Dodged            ||    16

Table legend:
 A = Non-vault XP
 B = Vault XP
 C = Vault XP percentage of total XP
 D = Non-vault monster count
 E = Vault monster count
 F = Vault count percentage of total count
                 A         B        C        D         E       F
            +---------+---------+-------+---------+---------+-------
      Total |      33 |       0 |   0.0 |      12 |       0 |   0.0
            +---------+---------+-------+---------+---------+-------
        D:1 |      18 |       0 |   0.0 |      10 |       0 |   0.0
        D:2 |      15 |       0 |   0.0 |       2 |       0 |   0.0
            +---------+---------+-------+---------+---------+-------
